 Dungeon Crawl Stone Soup version 0.31.0-11-ge490571c62 (webtiles) character file.

Game seed: 9399383154063326336

394 qw the Ducker (level 6, -6/30 HPs)
             Began as a Spriggan Hunter on Feb 5, 2024.
             Was an Initiate of Okawaru.
             Mangled by an orc
             ... wielding a +1 heavy flail
              (17 damage)
             ... on level 5 of the Dungeon.
             The game lasted 00:02:41 (3557 turns).

qw the Ducker (Spriggan Hunter)                     Turns: 3557, Time: 00:02:41

Health: -6/30      AC:  5    Str:  7    XL:     6   Next: 52%
Magic:  7/7        EV: 22    Int: 10    God:    Okawaru [......]
Gold:   118        SH:  0    Dex: 21    Spells: 5/5 levels left

rFire   . . .        a - +0 shortbow
rCold   . . .        (shield currently unavailable)
rNeg    . . .        c - +0 robe
rPois   +            (helmet restricted)
rElec   .            e - +2 cloak
rCorr   .            (gloves unavailable)
SInv    +            (boots unavailable)
Will    +....        (no amulet)
Stlth   ++           f - ring of poison resistance
HPRegen 0.25/turn    (no ring)
MPRegen 0.10/turn

%: no passive effects
@: very quick
A: very small, no large weapons, unfitting armour, see invisible, speed 3
a: Renounce Religion


You were on level 5 of the Dungeon.
You worshipped Okawaru.
Okawaru was noncommittal.
You visited 1 branch of the dungeon, and saw 5 of its levels.

You collected 118 gold pieces.


Innate Abilities, Weirdness & Mutations

You are very small and have problems with some larger weapons.
You are too small for most types of armour.
You have supernaturally acute eyesight. (SInv)
You cover ground extremely quickly. (Speed+++)


   Skills:
 - Level 2.0 Fighting
 + Level 6.3 Ranged Weapons
 - Level 6.3 Dodging
 - Level 1.5 Stealth


You had 5 spell levels left.
You didn't know any spells.
Your spell library was empty.

Inventory:

Hand Weapons
 a - a +0 shortbow (weapon)
Armour
 c - a +0 robe (worn)
 e - a +2 cloak (worn)
Jewellery
 f - a ring of poison resistance (left hand)
 h - a ring of poison resistance
Scrolls
 b - 3 scrolls of teleportation
Potions
 d - a potion of enlightenment
 g - a potion of invisibility {unknown}

Dungeon Overview and Level Annotations

Branches:
Dungeon (5/15)             Temple (0/1) D:4

Altars:
Gozag
Okawaru
Uskayaw

Annotations:
D:4 3 runed translucent doors, qw's ghost, amateur SpHu


Message History

Okawaru accepts your kill.
You start resting.
HP restored.
You see here a hound corpse.
An orc comes into view. It is wielding a +1 heavy flail.
The orc shouts!
An adder comes into view.
You shoot an arrow. The arrow barely misses the adder.
The adder hisses angrily.
The orc throws a boomerang.
The boomerang hits you.
3539 ||| FLEEEEING.
3540 ||| FLEEEEING.
3541 ||| FLEEEEING.
3542 ||| FLEEEEING.
You see here a hound corpse.
3543 ||| FLEEEEING.
3544 ||| FLEEEEING.
You start resting.
An adder is nearby!
You shoot an arrow. The arrow misses the adder.
You shoot an arrow. The arrow hits the adder!
The adder is almost dead.
The adder barely misses you. x2
You shoot an arrow. The arrow closely misses the adder.
The adder closely misses you.
You shoot an arrow. The arrow hits the adder!
You kill the adder!
Okawaru accepts your kill.
You shoot an arrow. The arrow closely misses the orc.
The orc misses you.
You shoot an arrow. The arrow hits the orc.
The orc is severely wounded.
The orc hits you with a +1 heavy flail!
You shoot an arrow. The arrow closely misses the orc.
You shoot an arrow. The arrow closely misses the orc.
The orc hits you with a +1 heavy flail!
You shoot an arrow. The arrow closely misses the orc.
The orc hits you with a +1 heavy flail!
Ouch! That really hurt!
You die...

#.# #.# #.# #.# #.#
#######.#######
......<.......#
#######.#####.######
# ####...## #...@o.#
###.......# ######%#
##..##...## #.#
##.####.## #.#
#.....#.#
#####.#####
........#
#.........#
.77.77..#
#.###.###.#
..7.7....# #S#
7.....7...# #.#


You could see an orc.

Vanquished Creatures
  A phantom (D:4)
  A jelly (D:5)
  A bombardier beetle (D:4)
  2 hounds
  4 gnolls
  8 adders
  3 ribbon worms (D:3)
  6 orcs
  5 ball pythons
  5 endoplasms
  A giant cockroach (D:1)
  3 goblins
  11 hobgoblins
  3 kobolds
  4 quokkas
  7 bats
  7 frilled lizards
  7 rats
79 creatures vanquished.

Notes
Turn   | Place    | Note
-------+----------+-------------------------------------------
     0 | D:1      | qw the Spriggan Hunter began the quest for the Orb.
     0 | D:1      | Reached XP level 1. HP: 10/10 MP: 2/2
     0 | D:1      | 0 ||| qw: Version: 0.3-a-160-g6735b56
     0 | D:1      | 0 ||| qw: Game counter: 6522
     0 | D:1      | 0 ||| qw: Melee chars always use a shield: true
     0 | D:1      | 0 ||| qw: God list: Okawaru
     0 | D:1      | 0 ||| qw: Allow faded altars: false
     0 | D:1      | 0 ||| qw: Do Orc after clearing Dungeon:15 true
     0 | D:1      | 0 ||| qw: Do second Lair branch before Depths: true
     0 | D:1      | 0 ||| qw: Lair rune preference: random
     0 | D:1      | 0 ||| qw: Goals: Normal
     0 | D:1      | 0 ||| PLANNING D:1-11
   134 | D:1      | Reached skill level 3 in Dodging
   250 | D:1      | Reached XP level 2. HP: 11/14 MP: 3/3
   907 | D:1      | 907 ||| UPGRADING to ring of poison resistance.
   908 | D:1      | 908 ||| READING scroll labelled KONOKHLACUT.
   908 | D:1      | 908 ||| IDENTIFYING smoky green potion
   909 | D:1      | 909 ||| READING scroll labelled TURACAEZXU.
   910 | D:1      | 910 ||| DROPPING scroll of butterflies.
   993 | D:2      | Reached XP level 3. HP: 14/18 MP: 4/4
  1538 | D:2      | 1538 ||| DROPPING ring of flight.
  1539 | D:2      | 1539 ||| READING scroll labelled KAKOOR BI ZEKLAC.
  1540 | D:2      | 1540 ||| READING 2 scrolls labelled VACEVVOUFOC.
  1541 | D:2      | 1541 ||| READING 2 scrolls labelled EDWIUDWUSTRU.
  1542 | D:2      | 1542 ||| DROPPING scroll of revelation.
  1543 | D:2      | 1543 ||| DROPPING scroll of fear.
  1664 | D:3      | Reached XP level 4. HP: 22/22 MP: 5/5
  2065 | D:3      | Found a faded altar of an unknown god.
  2335 | D:3      | 2335 ||| READING 2 scrolls of identify.
  2335 | D:3      | 2335 ||| IDENTIFYING fuming pink potion
  2336 | D:3      | 2336 ||| READING scroll of identify.
  2336 | D:3      | 2336 ||| IDENTIFYING sedimented coppery potion
  2337 | D:3      | 2337 ||| READING 3 scrolls labelled GUSAEDDO ATOI.
  2341 | D:3      | 2341 ||| READING scroll labelled DIEGOU KEMAHIS.
  2341 | D:3      | 2341 ||| ENCHANTING +0 shortbow.
  2342 | D:3      | 2342 ||| READING scroll labelled TYUCOU UROCW.
  2343 | D:3      | 2343 ||| DROPPING potion of attraction.
  2356 | D:4      | 2356 ||| STAIRDANCE
  2393 | D:4      | 2393 ||| STAIRDANCE
  2457 | D:4      | 2457 ||| STAIRDANCE
  2505 | D:4      | Reached XP level 5. HP: 26/26 MP: 6/6
  2506 | D:4      | 2506 ||| STAIRDANCE
  2532 | D:4      | 2532 ||| STAIRDANCE
  2698 | D:4      | Noticed a phantom
  2699 | D:4      | 2699 ||| DRINKING potion of haste.
  2717 | D:4      | Killed a phantom
  2786 | D:4      | Reached skill level 6 in Ranged Weapons
  2878 | D:4      | Reached XP level 6. HP: 30/30 MP: 7/7
  2995 | D:4      | Found an iron altar of Okawaru.
  2996 | D:4      | 2996 ||| PLANNING OKAWARU WORSHIP
  2996 | D:4      | 2996 ||| UPGRADING to +1 cloak.
  3006 | D:4      | Became a worshipper of Warmaster Okawaru
  3007 | D:4      | 3007 ||| PLANNING D:1-11
  3043 | D:4      | 3043 ||| READING scroll of enchant armour.
  3043 | D:4      | 3043 ||| ENCHANTING +1 cloak.
  3063 | D:4      | Found a staircase to the Ecumenical Temple.
  3214 | D:4      | Found a runed translucent gate.
  3215 | D:4      | Found a runed translucent gate.
  3251 | D:4      | Found a runed translucent gate.
  3251 | D:4      | Found an opulent altar of Gozag.
  3255 | D:4      | Noticed qw's ghost (amateur SpHu)
  3351 | D:4      | 3351 ||| READING scroll labelled ECUYRUEVOA.
  3462 | D:5      | Entered Level 5 of the Dungeon
  3462 | D:5      | Found a hide-covered altar of Uskayaw.
  3473 | D:5      | Reached skill level 6 in Dodging
  3539 | D:5      | 3539 ||| FLEEEEING.
  3540 | D:5      | 3540 ||| FLEEEEING.
  3541 | D:5      | 3541 ||| FLEEEEING.
  3542 | D:5      | 3542 ||| FLEEEEING.
  3543 | D:5      | 3543 ||| FLEEEEING.
  3544 | D:5      | 3544 ||| FLEEEEING.
  3557 | D:5      | Mangled by an orc

Levels and vault maps discovered:
D:1:      scummos_arrival_simple_crosswalls, layout_basic
D:2:      layout_loops_ring
D:3:      layout_basic, shapermc_ecumenical_altar_totnotflames,
          kennysheep_cross_bottleneck, minivault_5, st_stairs_5, minivault_23,
          kennysheep_generic_room_6
D:4:      layout_cave_pods, okawaru_ov_weapons_minmay, temple_fountains,
          ebering_ghost_gozag
D:5:      layout_loops_corners, mainiacjoe_overflow_small_starburst,
          old_standard_altar, nicolae_overflow_squiral,
          mainiacjoe_overflow_cross_hatched, serial_shops,
          nicolae_shop_real_fake_doors, gammafunk_ghost_smash

Skill      XL: |  1  2  3  4  5  6 |
---------------+-------------------+-----
Dodging        | 3 4 5 6 |  6.3
Ranged Weapons | 5 6 |  6.3
Fighting       | 2 |  2.0
Stealth        | |  1.5

Action                     |  1- 3 |  4- 6 || total
---------------------------+-------+-------++-------
   Fire: Shortbow          |    91 |   175 ||   266
    Use: Scroll            |     5 |     7 ||    12
         Potion            |       |     1 ||     1
 Armour: Robe              |     8 |    34 ||    42
  Dodge: Dodged            |     9 |    91 ||   100

Table legend:
 A = Non-vault XP
 B = Vault XP
 C = Vault XP percentage of total XP
 D = Non-vault monster count
 E = Vault monster count
 F = Vault count percentage of total count
                 A         B        C        D         E       F
            +---------+---------+-------+---------+---------+-------
      Total |     526 |      38 |   6.7 |      72 |       7 |   8.9
            +---------+---------+-------+---------+---------+-------
        D:1 |      23 |       0 |   0.0 |      14 |       0 |   0.0
        D:2 |      54 |       0 |   0.0 |      12 |       0 |   0.0
        D:3 |      74 |      38 |  33.9 |      26 |       7 |  21.2
        D:4 |     271 |       0 |   0.0 |      17 |       0 |   0.0
        D:5 |     104 |       0 |   0.0 |       3 |       0 |   0.0
            +---------+---------+-------+---------+---------+-------
